 Dungeon Crawl Stone Soup version 0.20-a0-971-g5896763 (webtiles) character file.

1030 Leszczynek the Ruffian (level 8, 0/67 HPs)
             Began as an Ogre Summoner on Apr 8, 2017.
             Was a Priest of Cheibriados.
             Slain by an ogre
             ... wielding a +0 giant spiked club
              (8 damage)
             ... on level 7 of the Dungeon.
             The game lasted 00:25:11 (3809 turns).

Leszczynek the Ruffian (Ogre Summoner)              Turns: 3809, Time: 00:25:12

Health: 0/67       AC:  3    Str: 19    XL:     8   Next: 23%
Magic:  10/11      EV: 22    Int: 27    God:    Cheibriados [***...]
Gold:   124        SH:  0    Dex: 22    Spells: 5/11 levels left

rFire    . . .     SeeInvis +   j - +3 whip (elec)
rCold    . . .     Gourm    +   (no shield)
rNeg     . . .     Faith    .   h - +0 robe
rPois    +         Spirit   .   (helmet restricted)
rElec    .         Reflect  .   (no cloak)
rCorr    .         Harm     .   (gloves unavailable)
MR       .....                  (boots unavailable)
Stlth    +++.......             p - amulet "Ameigh" {Gourm SInv}
Regen    0.3/turn               c - +4 ring of evasion
MPRegen  0.2/turn               w - ring of poison resistance

@: brilliant, agile, starving, very slow
A: unfitting armour, tough skin 1
a: Bend Time, Temporal Distortion, Renounce Religion


You were on level 7 of the Dungeon.
You worshipped Cheibriados.
Cheibriados was most pleased with you.
You were starving.

You visited 1 branch of the dungeon, and saw 7 of its levels.
You also visited: Sewer.

You collected 239 gold pieces.
You spent 115 gold pieces at shops.

Inventory:

Hand Weapons
 a - a +0 short sword
 j - a +3 whip of electrocution (weapon)
 A - a +0 blowgun
Missiles
 g - 16 tomahawks (quivered)
 i - 3 curare-tipped needles
 x - 2 throwing nets
Armour
 h - a +0 robe (worn)
Jewellery
 c - a +4 ring of evasion (left hand)
 f - an uncursed ring of resist corrosion
 p - the amulet "Ameigh" (around neck) {Gourm SInv}
   (You bought it in a shop on level 6 of the Dungeon)

   [amulet of the gourmand]

   It allows you to eat raw meat even when not hungry.
   It lets you see invisible.
 w - a ring of poison resistance (right hand)
 B - a +2 ring of dexterity
Wands
 l - a wand of confusion (38/48)
 t - a wand of iceblast (4/15)
 D - a wand of clouds (2/9)
Scrolls
 e - 5 scrolls of remove curse {@r2}
 n - 2 scrolls of magic mapping
 s - 4 scrolls of immolation {!r}
 v - a scroll of recharging
 y - a scroll of holy word {!r}
Potions
 k - a potion of cancellation {unknown}
 o - a potion of ambrosia {unknown}
 r - a potion of flight {unknown}
 C - 2 potions of brilliance
 F - 3 potions of might
Books
 b - a book of Callings

   Spells                             Type                      Level
   a - Summon Small Mammal            Summoning                    1
   b - Call Imp                       Summoning                    2
   c - Call Canine Familiar           Summoning                    3
   d - Summon Guardian Golem          Hexes/Summoning              3
   e - Summon Lightning Spire         Summoning/Air                4
   f - Summon Ice Beast               Ice/Summoning                4
Comestibles
 d - 3 bread rations
 u - 3 meat rations
 z - 4 fruits


   Skills:
 + Level 0.0 Fighting
 - Level 4.0 Dodging
 - Level 1.4 Stealth
 - Level 7.0 Unarmed Combat
 - Level 2.4 Spellcasting
 - Level 3.6 Summonings
 - Level 3.1 Invocations


You had 5 spell levels left.
You knew the following spells:

 Your Spells              Type           Power        Failure   Level  Hunger
a - Summon Small Mammal   Summ           ####         1%          1    None
b - Call Imp              Summ           #####...     1%          2    ##.....
c - Call Canine Familiar  Summ           #####...     1%          3    ###....


Dungeon Overview and Level Annotations

Branches:
Dungeon (7/15)             Temple (0/1) D:4

Altars:
Cheibriados
Gozag
Kikubaaqudgha
Qazlal
Trog
Xom

Shops:
D:6 **

Annotations:
D:5 Prince Ribbit


Innate Abilities, Weirdness & Mutations

You are too large for most types of armour.
You have tough skin. (AC +1)


Message History

The ogre hits you with a giant spiked club!!
* * * LOW HITPOINT WARNING * * *
The hungry ghost misses you.
It was a potion of brilliance.
You feel clever all of a sudden. The hungry ghost hits you.
* * * LOW HITPOINT WARNING * * *
You feel somewhat more hungry.
The ogre looks even sicker.
The ogre misses you.
Unknown command.
Okay, then.
You feel agile all of a sudden. The hungry ghost closely misses you.
The hound misses you.
Evoke which item? (* to show all) (? for menu, Esc to quit)
Aiming: Cloud Cone
Press: ? - help, Dir - move target cursor, f - hound, p - ogre
Aim: a hound You create a blast of noxious fumes!
This wand has 2 charges left.
The ogre is engulfed in poison gas.
The ogre looks even sicker.
The ogre hits you with a giant spiked club!
You die...

#.#.### #...#
##### ###. ...
#.#####
...###.§§§.####
>....$.WO.§§§.##
....##.#@h§§§...
. #.#..####.#
#[..... ####.#.#
# ...# # .... #
.#### .#


You could see a hungry ghost, an ogre and a hound.

Vanquished Creatures
  An orc warrior (D:5)
  A phantom (D:6)
  An ice beast (D:6)
  2 big kobolds (Sewer)
  A bullfrog (D:6)
  A hound (D:5)
  2 jellies
  3 orc wizards
  A worker ant (D:5)
  A hound zombie (D:5)
  A hound skeleton (D:5)
  A gnoll (D:5)
  8 adders
  4 river rats (Sewer)
  2 worms
  5 leopard geckos
  11 orcs
  2 giant cockroaches
  A goblin (D:1)
  5 hobgoblins
  3 quokkas
  3 ball pythons (Sewer)
  2 bats
  5 frilled lizards
  5 kobolds
  A quokka zombie (D:6)
  13 rats
  A butterfly (D:3)
87 creatures vanquished.

Vanquished Creatures (collateral kills)
  An ice beast (D:6)
  A wyvern zombie (D:5)
  A jelly (D:6)
  3 orc wizards
  Natasha (D:4)
  3 gnolls (D:5)
  2 river rats (Sewer)
  10 adders
  4 orcs
  A ball python (Sewer)
  2 giant cockroaches
  2 goblins
  A hobgoblin (D:2)
  2 bats
  10 kobolds (Sewer)
  9 rats
53 creatures vanquished.

Grand Total: 140 creatures vanquished

Notes
Turn   | Place    | Note
-------+----------+-------------------------------------------
     0 | D:1      | Leszczynek the Ogre Summoner began the quest for the Orb.
     0 | D:1      | Reached XP level 1. HP: 16/16 MP: 3/3
   125 | D:1      | Reached skill level 1 in Unarmed Combat
   338 | D:1      | Reached XP level 2. HP: 23/24 MP: 3/5
   349 | D:1      | Learned a level 2 spell: Call Imp
   531 | D:2      | Found a snail-covered altar of Cheibriados.
   541 | D:2      | Became a worshipper of Cheibriados the Contemplative
   547 | D:2      | Reached skill level 2 in Unarmed Combat
   583 | D:2      | Reached XP level 3. HP: 25/31 MP: 4/6
   711 | D:2      | 10% fails 3 times in a row
   711 | D:2      | woo
   789 | D:2      | Learned a level 3 spell: Call Canine Familiar
   827 | D:2      | Reached skill level 3 in Unarmed Combat
   888 | D:2      | Reached XP level 4. HP: 23/39 MP: 7/7
   957 | D:3      | Found a shimmering altar of Xom.
   962 | D:3      | Reached * piety under Cheibriados
  1185 | D:4      | Noticed Natasha
  1195 | D:4      | Killed Natasha
  1274 | D:4      | Found a glowing drain.
  1314 | D:4      | Reached skill level 4 in Unarmed Combat
  1314 | D:4      | Reached XP level 5. HP: 34/45 MP: 1/8
  1355 | Sewer    | Entered a sewer
  1641 | Sewer    | Reached ** piety under Cheibriados
  1828 | Sewer    | Reached skill level 5 in Unarmed Combat
  1830 | Sewer    | Reached *** piety under Cheibriados
  1905 | Sewer    | Noticed a big kobold
  1906 | Sewer    | Noticed a big kobold
  1934 | Sewer    | Killed a big kobold
  1934 | Sewer    | Reached XP level 6. HP: 15/53 MP: 2/9
  2185 | D:4      | HP: 4/53 [orc wizard/magic dart (8)]
  2192 | D:4      | Reached skill level 6 in Unarmed Combat
  2193 | D:4      | son of a bitch
  2193 | D:4      | 7 curing
  2366 | D:5      | Entered Level 5 of the Dungeon
  2389 | D:5      | Found an opulent altar of Gozag.
  2462 | D:5      | Noticed Prince Ribbit
  2533 | D:5      | Reached XP level 7. HP: 53/59 MP: 6/10
  2632 | D:4      | Reached **** piety under Cheibriados
  2671 | D:4      | Found a staircase to the Ecumenical Temple.
  2746 | D:5      | Reached skill level 2 in Invocations
  2848 | D:6      | Reached skill level 3 in Invocations
  2876 | D:6      | Found Zinah's Elemental Accessories.
  2877 | D:6      | Found Uforoen's Assorted Antiques.
  2923 | D:6      | Bought a glittering crystal amulet for 115 gold pieces
  2923 | D:6      | Identified the amulet "Ameigh" {Gourm SInv} (You bought it in a shop on level 6 of the Dungeon)
  2924 | D:6      | it's shit
  3010 | D:5      | Reached skill level 7 in Unarmed Combat
  3080 | D:5      | Reached skill level 2 in Dodging
  3303 | D:6      | Found an ancient bone altar of Kikubaaqudgha.
  3345 | D:6      | Reached XP level 8. HP: 67/67 MP: 11/11
  3577 | D:6      | Reached skill level 3 in Dodging
  3581 | D:6      | Found a stormy altar of Qazlal.
  3581 | D:6      | Found a bloodstained altar of Trog.
  3651 | D:6      | Reached skill level 4 in Dodging
  3658 | D:6      | fug
  3809 | D:7      | Slain by an ogre

Vault maps used:
D:1:      dpeg_arrival_prison, serial_bayou_lake_a
D:2:      cheibriados_altar_1
D:3:      xom_butterflies, minmay_distorted
D:4:      lemuel_temple_firewalk_b, gup_sewer_entry_glass, uniq_natasha
D:5:      nicolae_overflow_crystal_walls, first_bread, lemuel_tele_altar,
          uniq_prince_ribbit1
D:6:      kiku_gazebo_pond_becter, gammafunk_temple_overflow_statue,
          serial_shops, nicolae_shop_waterfront, serial_bayou_pond_e,
          nicolae_elemental_shop
D:7:      uniq_duvessa
Sewer:    sewer_minmay_treatment

Skill      XL: |  1  2  3  4  5  6  7  8 |
---------------+-------------------------+-----
Unarmed Combat | 1 2 3 4 5 6 7 |  7.0
Invocations    | 3 |  3.1
Dodging        | 2 4 |  4.0
Stealth        | |  1.4
Spellcasting   | |  2.4
Summonings     | |  3.6

Action                   |  1- 3 |  4- 6 |  7- 9 || total
-------------------------+-------+-------+-------++-------
Melee: Unarmed           |    16 |     1 |       ||    17
       Short sword       |    79 |   123 |       ||   202
       Punch             |       |     1 |     8 ||     9
       Whip              |       |    52 |   111 ||   163
Throw: Tomahawk          |       |     1 |       ||     1
 Cast: Summon Small Mamm |     8 |     1 |       ||     9
       Call Imp          |    10 |    12 |     2 ||    24
       Call Canine Famil |       |    18 |    10 ||    28
Invok: Bend Time         |       |       |     2 ||     2
Evoke: Wand              |       |    12 |    11 ||    23
  Use: Scroll            |     2 |    10 |     3 ||    15
       Potion            |       |     9 |     2 ||    11
 Stab: Sleeping          |     1 |     2 |     2 ||     5
       Distracted        |       |     3 |     2 ||     5
       Confused          |       |       |     2 ||     2
  Eat: Chunk             |     1 |     6 |    10 ||    17
Armor: Robe              |    21 |    25 |    11 ||    57
Dodge: Dodged            |    88 |   125 |    84 ||   297
